Map: New Repugnancy LE

Players

DarwinAwdWnr - Winner!

  • Race: Zerg Zerg
  • League: Platinum
  • Spawn Location: 1:00

DesertFox

  • Race: Protoss Protoss
  • League: Diamond
  • Spawn Location: 7:00

VOD

Have the link to the VOD?

Description

Time

  • Played on: June 15, 2019, 12:58 a.m.
  • Length: 14:01
Show
View Real Time Build Order
Export as new Build Order

DarwinAwdWnr Zerg - Winner!

Build Orders: Hatch First, Swarm Host 

Get SALT Encoding   

  12  0:01  Drone  
  13  0:11  Drone  
  14  0:19  Overlord  
  14  0:39  Drone x2  
  16  0:52  Hatchery  
  15  0:59  Drone x2  
  15  1:01  Extractor  
  15  1:03  Drone  
  17  1:19  Spawning Pool  
  16  1:27  Drone x2  
  18  1:49  Drone x2  
  20  1:58  Drone  
  21  2:06  Zergling x4  
  23  2:22  Queen  
  25  2:47  Hatchery  
  24  2:51  Overlord  
  24  2:55  Metabolic Boost  
  24  2:57  Drone x3  
  27  3:02  Drone  
  28  3:20  Drone x3  
  28  3:21  Drone x2  
  28  3:25  Queen  
  35  3:32  Overlord  
  35  3:33  Overlord  
  35  3:49  Drone, Extractor  
  35  3:50  Drone  
  35  3:51  Overlord  
  36  3:59  Drone  
  36  4:00  Drone x2  
  39  4:06  Lair  
  39  4:18  Drone x3  
  39  4:19  Overlord x2  
  39  4:23  Queen  
  44  4:34  Pneumatized Carapace  
  44  4:36  Drone  
  44  4:37  Drone x8  
  53  5:13  Infestation Pit  
  52  5:20  Queen  
  52  5:21  Hatchery  
  53  5:27  Extractor x3  
  53  5:28  Overlord x2  
  50  5:29  Drone x9  
  50  5:32  Extractor  
  57  5:57  Swarm Host x4  
  69  6:15  Nydus Network  
  68  6:25  Spore Crawler  
  67  6:26  Spine Crawler  
  67  6:30  Spore Crawler, Spine Crawler  
  64  6:33  Spore Crawler  
  64  6:35  Spine Crawler  
  64  6:37  Drone x3  
  64  6:38  Drone x4, Swarm Host  
  64  6:39  Swarm Host x4  
  84  6:40  Overlord x4  
  84  7:12  Nydus Canal, Swarm Host  
  84  7:13  Zergling x2, Swarm Host  
  84  7:14  Swarm Host x5  
  106  7:27  Overlord  
  106  7:28  Overlord  
  106  7:57  Nydus Canal, Swarm Host  
  106  7:58  Swarm Host x8  
  133  8:07  Overlord x3  
  133  8:26  Hatchery  
  131  8:35  Swarm Host  
  131  8:36  Swarm Host x7  
  155  8:54  Nydus Canal  
  155  9:03  Overlord x2  
  151  9:35  Swarm Host  
  151  9:36  Swarm Host x10  
  184  10:07  Spore Crawler  
  184  10:08  Extractor  
  184  10:09  Spine Crawler x2  
  180  10:28  Swarm Host  
  180  10:29  Swarm Host x2  
  189  10:38  Hydralisk Den  
  188  10:56  Overseer x4  
  186  11:31  Hydralisk x2  
  186  11:32  Hydralisk  
  184  12:08  Hydralisk Den  
  183  12:30  Overlord x2, Hatchery  
  176  13:16  Hydralisk x12  
Show
View Real Time Build Order
Export as new Build Order

DesertFox Protoss 

Build Orders:  

Get SALT Encoding   

  12  0:01  Probe  
  13  0:13  Probe  
  14  0:19  Pylon  
  14  0:26  Probe  
  15  0:38  Forge  
  15  0:42  Probe  
  16  1:01  Probe  
  17  1:13  Probe  
  18  1:19  Pylon  
  18  1:40  Photon Cannon x2  
  18  1:46  Pylon  
  17  1:55  Nexus  
  17  2:01  Gateway  
  17  2:05  Photon Cannon  
  17  2:10  Assimilator  
  17  2:14  Assimilator  
  17  2:18  Probe  
  18  2:26  Probe  
  18  2:36  Probe  
  20  2:52  Cybernetics Core  
  20  2:57  Pylon  
  20  3:05  Probe  
  20  3:06  Probe  
  22  3:13  Probe  
  22  3:16  Zealot  
  25  3:20  Probe  
  25  3:24  Pylon  
  25  3:25  Probe  
  27  3:37  Probe  
  27  3:38  Probe  
  27  3:39  Robotics Facility  
  28  3:45  Probe  
  28  3:47  Probe  
  29  3:49  Protoss Ground Weapons Level 1  
  29  3:54  Probe  
  31  4:02  Probe  
  33  4:04  Probe  
  33  4:05  Warp Gate  
  34  4:12  Probe  
  34  4:14  Probe  
  36  4:26  Probe, Observer  
  36  4:28  Probe  
  39  4:35  Gateway  
  39  4:37  Gateway  
  39  4:39  Probe, Gateway  
  39  4:40  Probe  
  41  4:49  Sentry  
  41  4:51  Probe  
  41  4:52  Immortal  
  48  5:00  Probe  
  48  5:03  Probe  
  50  5:08  Twilight Council  
  50  5:11  Assimilator  
  50  5:12  Probe  
  50  5:13  Assimilator  
  51  5:15  Probe  
  51  5:16  Sentry  
  54  5:21  Pylon  
  54  5:39  Probe x2  
  54  5:40  Pylon  
  56  5:48  Immortal  
  59  5:51  Probe  
  59  5:55  Stalker  
  62  5:59  Probe  
  63  6:09  Stalker x3  
  70  6:11  Probe  
  70  6:18  Nexus  
  70  6:33  Pylon, Charge  
  70  6:34  Pylon  
  70  6:38  Pylon  
  70  6:44  Protoss Ground Weapons Level 2  
  70  6:47  Pylon  
  70  6:51  Probe x2  
  70  6:52  Forge, Pylon  
  72  6:54  Forge  
  72  6:57  Sentry x3, Pylon  
  72  6:59  Immortal  
  82  7:03  Probe x2  
  84  7:15  Probe x2  
  86  7:18  Protoss Ground Armor Level 1  
  86  7:27  Probe  
  87  7:30  Pylon  
  87  7:33  Pylon  
  87  7:35  Stalker  
  87  7:36  Stalker x3  
  89  8:01  Probe  
  89  8:02  Probe x2  
  92  8:09  Pylon  
  92  8:12  Pylon  
  92  8:13  Probe  
  92  8:14  Photon Cannon, Probe  
  92  8:15  Photon Cannon  
  92  8:17  Photon Cannon  
  92  8:18  Probe  
  92  8:19  Shield Battery  
  95  8:21  Shield Battery  
  95  8:25  Gateway  
  95  8:26  Probe  
  90  8:27  Gateway  
  68  8:52  Probe x3  
  71  8:56  Immortal  
  75  9:04  Probe  
  75  9:06  Gateway  
  75  9:08  Zealot, Gateway  
  75  9:09  Zealot  
  80  9:10  Gateway  
  80  9:13  Gateway  
  80  9:16  Gateway  
  64  9:30  Stalker x4  
  64  9:40  Stargate  
  64  9:44  Probe x3  
  64  9:45  Stargate  
  63  9:56  Probe x2  
  65  10:06  Zealot x4  
  65  10:07  Zealot x3  
  70  10:25  Zealot x2  
  70  10:26  Zealot x3  
  80  10:33  Protoss Ground Armor Level 2  
  80  10:43  Protoss Ground Weapons Level 3  
  80  10:56  Templar Archives  
  73  11:56  Void Ray  
  73  11:57  Void Ray  
  53  12:10  Zealot x6  
  53  12:11  Zealot x3  
  53  12:12  Zealot x2  
  75  12:31  Nexus  
  73  12:48  High Templar x4  
  73  12:49  High Templar x2  
  73  12:50  High Templar x2  
  89  12:53  Archon  
  89  12:54  Archon x2  
  89  12:55  Archon  
  68  13:21  Zealot  
  68  13:22  Zealot x5  
  68  13:23  Zealot x2  
Tags
 
Composition
Swarm Host
Matchup
PvZ
Replay Pack
10.7.19
Spawn Locations
Cross Positions
Add a new tag
Caveats
  • Supply blocks, unpowered buildings, or Contaminate may cause inaccurate times.
  • Supply counts are checked every 10 seconds.